[gd_scene load_steps=7 format=2]

[ext_resource path="res://classes/useables/useable.tscn" type="PackedScene" id=1]
[ext_resource path="res://assets/shaders/cel.shader" type="Shader" id=2]
[ext_resource path="res://assets/models/props/fridge/fridge.gltf" type="PackedScene" id=3]

[sub_resource type="ShaderMaterial" id=1]
shader = ExtResource( 2 )
shader_param/base_color = Color( 0.937255, 0.937255, 0.905882, 1 )
shader_param/use_specular = false
shader_param/specular_tint = Color( 0.75, 0.75, 0.75, 0.75 )

[sub_resource type="ShaderMaterial" id=2]
shader = ExtResource( 2 )
shader_param/base_color = Color( 0.380392, 0.380392, 0.380392, 1 )
shader_param/use_specular = false
shader_param/specular_tint = Color( 0.75, 0.75, 0.75, 0.75 )

[sub_resource type="BoxShape" id=3]
extents = Vector3( 0.415899, 0.792892, 0.358226 )

[node name="Fridge" instance=ExtResource( 1 )]
title = "Open Fridge"

[node name="Model" parent="." index="0" instance=ExtResource( 3 )]

[node name="Base" parent="Model" index="0"]
material/0 = SubResource( 1 )

[node name="BottomDoor" parent="Model/Base" index="0"]
material/0 = SubResource( 1 )
material/1 = SubResource( 2 )

[node name="BottomHandle" parent="Model/Base" index="1"]
material/0 = SubResource( 2 )

[node name="Circle" parent="Model/Base" index="2"]
material/0 = SubResource( 2 )

[node name="Circle001" parent="Model/Base" index="3"]
material/0 = SubResource( 2 )

[node name="Circle002" parent="Model/Base" index="4"]
material/0 = SubResource( 2 )

[node name="Cylinder" parent="Model/Base" index="5"]
material/0 = SubResource( 2 )

[node name="TopDoor" parent="Model/Base" index="6"]
material/0 = SubResource( 2 )
material/1 = SubResource( 1 )

[node name="TopHandle" parent="Model/Base" index="7"]
material/0 = SubResource( 2 )

[node name="CollisionShape" type="CollisionShape" parent="." index="1"]
transform = Transform( 1.2, 0, 0, 0, 1.1, 0, 0, 0, 1.2, 0, 0.865392, 0.459463 )
shape = SubResource( 3 )

[editable path="Model"]
